 Dungeon Crawl Stone Soup version 0.19.5 (webtiles) character file.

2629 Patchouli the Magician (level 9, -3/49 HPs)
             Began as a Deep Elf Fire Elementalist on Mar 17, 2017.
             Killed from afar by Harold (16 damage)
             ... with a bolt of fire
             ... on level 10 of the Dungeon.
             The game lasted 00:37:16 (5238 turns).

Patchouli the Magician (Deep Elf Fire Elementalist) Turns: 5238, Time: 00:37:16

Health: -3/49      AC: 11    Str:  6    XL:     9   Next: 35%
Magic:  2/21       EV:  9    Int: 23    God:
Gold:   469        SH:  0    Dex: 15    Spells: 5 memorised, 6 levels left

rFire  . . .     SeeInvis .     J - +1 flail (curse)
rCold  . . .     Gourm    .     A - +2 leather armour {MR+}
rNeg   . . .     Faith    .     (no shield)
rPois  .         Spirit   .     z - +1 helmet
rElec  .         Reflect  .     e - +0 cloak
rCorr  .         Harm     .     G - +0 pair of gloves
MR     +....                    L - +0 pair of boots (curse)
Stlth  ++........               (no amulet)
                                y - +3 ring of evasion
                                d - ring of flight

@: held
A: no striking features
a: Evoke Flight


You were on level 10 of the Dungeon.
You were not hungry.

You visited 2 branches of the dungeon, and saw 11 of its levels.

You collected 469 gold pieces.

Inventory:

Hand Weapons
 f - a +0 dagger
 j - a +0 short sword
 q - a +0 dagger of venom
 x - a +0 rapier
 D - a cursed -1 dagger
 J - a cursed +1 flail (weapon)
 Q - a +3 flail
Missiles
 l - 4 javelins
 v - 22 tomahawks
Armour
 a - a +0 robe
 e - a +0 cloak (worn)
 g - a +1 hat
 z - a +1 helmet (worn)
 A - a +2 leather armour of magic resistance (worn)
 G - a +0 pair of gloves (worn)
 L - a cursed +0 pair of boots (worn)
Jewellery
 d - a ring of flight (left hand)
 t - a cursed amulet of inaccuracy {unknown}
 y - a +3 ring of evasion (right hand)
 K - an uncursed ring of protection from fire {unknown}
 T - a cursed -2 ring of dexterity {unknown}
Wands
 N - a wand of iceblast (10/15)
Scrolls
 h - 5 scrolls of identify
 p - 3 scrolls of remove curse
 r - a scroll of random uselessness
 E - a scroll of fear {unknown}
 F - a scroll of amnesia
 P - a scroll of enchant armour {unknown}
 R - 2 scrolls of teleportation
 S - a scroll of fog {unknown}
Potions
 i - 2 potions of heal wounds
 k - a potion of magic {unknown}
 n - a potion of ambrosia {unknown}
 s - 2 potions of curing
 u - a potion of invisibility {unknown}
 w - 2 potions of cure mutation {unknown}
 B - 2 potions of lignification {unknown}
 C - 2 potions of might {unknown}
 H - a potion of brilliance {unknown}
 M - a potion of degeneration {unknown}
 O - a potion of resistance {unknown}
Books
 b - a book of Flames

   Spells                             Type                      Level
   a - Flame Tongue                   Conjuration/Fire             1
   b - Throw Flame                    Conjuration/Fire             2
   c - Conjure Flame                  Conjuration/Fire             3
   d - Inner Flame                    Hexes/Fire                   3
   e - Sticky Flame                   Conjuration/Fire             4
   f - Fireball                       Conjuration/Fire             5
Comestibles
 c - 3 bread rations
 m - 3 meat rations
 o - a beef jerky
 I - 3 royal jellies
 U - 6 chunks of flesh


   Skills:
 + Level 2.6 Fighting
 * Level 4.1 Armour
 + Level 5.3 Dodging
 - Level 2.4 Stealth
 * Level 7.1 Spellcasting
 * Level 6.0 Conjurations
 + Level 4.2 Hexes
 * Level 6.8 Fire Magic
 + Level 3.1 Evocations


You had 6 spell levels left.
You knew the following spells:

 Your Spells              Type           Power        Failure   Level  Hunger
a - Flame Tongue          Conj/Fire      #####        1%          1    None
b - Fireball              Conj/Fire      #####.....   24%         5    #####..
c - Conjure Flame         Conj/Fire      #####...     2%          3    None
i - Inner Flame           Hex/Fire       ####....     4%          3    None
s - Sticky Flame          Conj/Fire      #####...     10%         4    ###....


Dungeon Overview and Level Annotations

Branches:
Dungeon (10/15)            Temple (1/1) D:7
   Lair: D:8-11         Orc: D:9-12

Altars:
Ashenzari
Cheibriados
Dithmenos
Elyvilon
Fedhas
Gozag
Kikubaaqudgha
Makhleb
Nemelex Xobeh
Okawaru
Qazlal
Ru
Sif Muna
Trog
Uskayaw
Xom
Yredelemnul
Zin
The Shining One

Annotations:
D:2 Robin, Sigmund
D:3 exclusion: oklob plant
D:6 BugsBunnySan's ghost, novice FeBe
D:10 Harold


Message History

You struggle against the net.
You rip the net and break free!
Harold is engulfed in roaring flames.
Harold throws a throwing net.
The throwing net hits you.
You become entangled in the net!
Some of the chunks of flesh in your inventory have rotted away.
You tear a large gash into the net.
Harold is engulfed in roaring flames.
Harold gestures at you while chanting. The bolt of fire hits you!
* * * LOW HITPOINT WARNING * * *
You struggle against the net.
Harold is engulfed in roaring flames.
Harold zaps a wand.
The bolt of acid misses you.
It is a wand of acid.
You rip the net and break free!
Harold is engulfed in roaring flames.
Harold throws a throwing net.
The throwing net closely misses you.
Harold is engulfed in roaring flames.
Harold throws a throwing net.
The throwing net hits you.
You become entangled in the net!
You see here a throwing net.
You tear a large gash into the net.
Harold is engulfed in roaring flames.
Harold gestures at you while chanting. The bolt of fire hits you!
You die...

### #.# #.. ...
#.# ####.# #o#
#.#######. ..##.#
#.# #(...@....
#.##.###o#
#@#######.
#.##.#...# #.#
#.##.....# #.#
....)....#######.#
.....†.....[.....#
#######.....######
# #.###.# # #.#
#.# #######.# #..


You could see Harold.

Vanquished Creatures
  A two-headed ogre (D:8)
  A black bear (D:7)
  A hornet zombie (D:8)
  4 sky beasts
  An orc warrior (D:5)
  2 ice beasts (D:7)
  An ogre (D:8)
  2 centaurs
  A big kobold (D:5)
  The ghost of Patchouli the Grasshopper, an amateur SpWr (D:4)
  3 bullfrogs
  2 scorpions
  3 killer bees (D:9)
  2 crimson imps
  2 hounds
  A gnoll shaman (D:5)
  3 orc priests
  5 orc wizards
  An iguana (D:8)
  2 worker ants
  A hound skeleton (D:5)
  14 gnolls
  8 adders
  2 adder zombies (D:5)
  2 adder skeletons
  2 worms
  4 dart slugs
  2 leopard geckos
  25 orcs
  3 giant cockroaches
  5 goblins
  7 hobgoblins
  4 jackals (D:1)
  5 quokkas
  A ball python (D:1)
  3 bats
  3 frilled lizards
  A jackal skeleton (D:6)
  13 kobolds
  A quokka zombie (D:7)
  5 rats
150 creatures vanquished.

Vanquished Creatures (others)
  13 toadstools (D:3)
13 creatures vanquished.

Grand Total: 163 creatures vanquished

Notes
Turn   | Place    | Note
-------+----------+-------------------------------------------
     0 | D:1      | Patchouli the Deep Elf Fire Elementalist began the quest for the Orb.
     0 | D:1      | Reached XP level 1. HP: 10/10 MP: 6/6
   170 | D:1      | Reached XP level 2. HP: 4/15 MP: 0/8
   539 | D:2      | Noticed Sigmund
   701 | D:2      | Noticed Robin
   725 | D:1      | Reached XP level 3. HP: 19/20 MP: 4/9
   730 | D:1      | Learned a level 3 spell: Conjure Flame
   734 | D:1      | Learned a level 3 spell: Inner Flame
  1114 | D:4      | Reached skill level 1 in Fighting
  1174 | D:4      | Noticed Patchouli's ghost (amateur SpWr)
  1188 | D:5      | Entered Level 5 of the Dungeon
  1227 | D:5      | Reached XP level 4. HP: 25/25 MP: 5/11
  1262 | D:6      | Noticed a bullfrog
  1330 | D:5      | Noticed an orc warrior
  1351 | D:5      | Killed an orc warrior
  1351 | D:5      | Reached skill level 4 in Spellcasting
  1351 | D:5      | Reached skill level 1 in Hexes
  1351 | D:5      | Reached XP level 5. HP: 18/29 MP: 2/13
  1354 | D:5      | Noticed a sky beast
  1441 | D:3      | Learned a level 4 spell: Sticky Flame
  1511 | D:3      | Found a shimmering altar of Xom.
  1644 | D:3      | Reached skill level 1 in Armour
  1738 | D:3      | Reached XP level 6. HP: 34/34 MP: 12/14
  1899 | D:3      | Found a blossoming altar of Fedhas.
  1989 | D:3      | Noticed an oklob plant
  2416 | D:5      | Noticed a sky beast
  2430 | D:5      | Killed a sky beast
  2430 | D:5      | Reached skill level 1 in Evocations
  2542 | D:6      | Reached XP level 7. HP: 39/39 MP: 2/16
  2735 | D:7      | Reached skill level 5 in Fire Magic
  2900 | D:8      | Reached skill level 5 in Spellcasting
  3265 | D:8      | Found an ancient bone altar of Kikubaaqudgha.
  3368 | D:8      | Found a bloodstained altar of Trog.
  3417 | D:7      | Found a staircase to the Ecumenical Temple.
  3418 | D:7      | Reached XP level 8. HP: 42/44 MP: 9/18
  3427 | Temple   | Entered the Ecumenical Temple
  3434 | Temple   | Learned a level 5 spell: Fireball
  3658 | D:7      | Reached skill level 6 in Spellcasting
  3710 | D:7      | Found a faded altar of an unknown god.
  3710 | D:7      | Found a faded altar of an unknown god.
  3715 | D:7      | Found a faded altar of an unknown god.
  3717 | D:7      | Found a sparkling altar of Nemelex Xobeh.
  3718 | D:7      | Found a faded altar of an unknown god.
  3854 | D:6      | Found a deep blue altar of Sif Muna.
  4083 | D:4      | Found a stormy altar of Qazlal.
  4086 | D:4      | Found a glowing golden altar of the Shining One.
  4098 | D:4      | Killed Patchouli's ghost
  4106 | D:4      | Found a sacrificial altar of Ru.
  4139 | D:4      | Reached skill level 5 in Conjurations
  4487 | D:5      | Reached skill level 5 in Dodging
  4522 | D:6      | Noticed BugsBunnySan's ghost (novice FeBe)
  4873 | D:6      | Reached XP level 9. HP: 49/49 MP: 13/20
  5152 | D:10     | Entered Level 10 of the Dungeon
  5161 | D:10     | Reached skill level 7 in Spellcasting
  5227 | D:10     | Noticed Harold
  5238 | D:10     | Killed from afar by Harold

Skill      XL: |  1  2  3  4  5  6  7  8  9 |
---------------+----------------------------+-----
Fighting       | 1 2 |  2.6
Conjurations   | 2 3 4 5 6 |  6.0
Dodging        | 3 4 5 |  5.3
Fire Magic     | 4 5 6 |  6.8
Spellcasting   | 4 5 6 7 |  7.1
Hexes          | 1 2 3 4 |  4.2
Armour         | 1 2 3 4 |  4.1
Evocations     | 1 2 3 |  3.1
Stealth        | |  2.4

Action                   |  1- 3 |  4- 6 |  7- 9 || total
-------------------------+-------+-------+-------++-------
Melee: Dagger            |     2 |    11 |       ||    13
       Short sword       |     7 |       |       ||     7
       Rapier            |       |     6 |       ||     6
       Flail             |       |       |   185 ||   185
Throw: Throwing net      |       |       |     6 ||     6
 Cast: Flame Tongue      |    65 |    76 |   125 ||   266
       Conjure Flame     |     1 |     5 |    17 ||    23
       Inner Flame       |       |     2 |     4 ||     6
       Sticky Flame      |       |     3 |    17 ||    20
       Fireball          |       |       |     3 ||     3
  Use: Potion            |       |     3 |       ||     3
       Scroll            |       |     6 |     4 ||    10
 Stab: Sleeping          |     1 |     1 |     1 ||     3
       Held in net/web   |       |       |     1 ||     1
  Eat: Chunk             |       |     6 |    12 ||    18
Armor: Robe              |     9 |    20 |    64 ||    93
       Leather armour    |       |       |     2 ||     2
Dodge: Dodged            |    28 |    49 |   198 ||   275
